 Dungeon Crawl Stone Soup version 0.20.1-1-g8b1a95d (webtiles) character file.

36 alexeh6969 the Chiller (level 3, 0/24 HPs)
             Began as a Demonspawn Ice Elementalist on Sept 21, 2017.
             Succumbed to an adder's poison
             ... on level 2 of the Dungeon.
             The game lasted 00:16:18 (1147 turns).

alexeh6969 the Chiller (DsIE)                       Turns: 1147, Time: 00:16:19

Health: 0/24       AC:  2    Str:  8    XL:     3   Next: 19%
Magic:  1/6        EV: 12    Int: 17    God:
Gold:   87         SH:  0    Dex: 13    Spells: 6/7 levels left

rFire    . . .     SeeInvis .   g - +0 hand axe
rCold    . . .     Gourm    .   (no shield)
rNeg     . . .     Faith    .   a - +0 robe
rPois    .         Spirit   .   (no helmet)
rElec    .         Reflect  .   (no cloak)
rCorr    .         Harm     .   (no gloves)
MR       .....                  (no boots)
Stlth    ++........             (no amulet)
Regen    0.1/turn               j - ring of wizardry
MPRegen  0.1/turn               (no ring)

@: lethally poisoned (0 -> -3)
A: rot immunity
a: no special abilities


You were on level 2 of the Dungeon.
You were not hungry.

You visited 1 branch of the dungeon, and saw 2 of its levels.

You collected 87 gold pieces.

Inventory:

Hand Weapons
 g - a +0 hand axe (weapon)
 h - a +0 club
Missiles
 n - 47 stones (quivered)
Armour
 a - a +0 robe (worn)
 k - a +0 leather armour
Jewellery
 j - a ring of wizardry (left hand)
Scrolls
 e - a scroll of remove curse
 l - a scroll of identify
 q - a scroll of enchant armour
Potions
 f - a potion of might {unknown}
Books
 b - a book of Frost

   Spells                             Type                      Level
   a - Freeze                         Ice                          1
   b - Throw Frost                    Conjuration/Ice              2
   c - Ozocubu's Armour               Charms/Ice                   3
   d - Throw Icicle                   Conjuration/Ice              4
   e - Summon Ice Beast               Ice/Summoning                4
Comestibles
 c - a bread ration
 d - 3 fruits
 i - a chunk of flesh
 m - a royal jelly


   Skills:
 + Level 2.0 Dodging
 + Level 1.9 Stealth
 + Level 2.5 Spellcasting
   Level 1.0 Conjurations
 + Level 3.3 Ice Magic


You had 6 spell levels left.
You knew the following spells:

 Your Spells              Type           Power        Failure   Level  Hunger
a - Freeze                Ice            ##..         1%          1    #......


Dungeon Overview and Level Annotations

Branches:
Dungeon (2/15)

Altars:

Annotations:
D:2 Robin


Innate Abilities, Weirdness & Mutations

You are immune to rotting.


Message History

Aiming: Freeze
Press: ? - help, Shift-Dir - straight line, f - hobgoblin
Aim: a hobgoblin, wielding a club You freeze the hobgoblin.
The hobgoblin is almost dead.
The hobgoblin hits you but does no damage.
You hit the hobgoblin.
You kill the hobgoblin!
Your Dodging skill increases to level 2!
The adder bites you.
You are poisoned.
The adder poisons you!
A hobgoblin comes into view.
You feel sick.
You feel sick. The adder bites you.
* * * LOW HITPOINT WARNING * * *
The hobgoblin closely misses you. The adder bites you.
* * * LOW HITPOINT WARNING * * *
You die...

#.gg......####.†..g...####.....
#gg.......# #..)....)###>g.....
#g..g...÷.###g##########....###
#...........g.#########...###
#...........###.g.g.$...#.#
##########....g.#########.#
##########..gS### ## ..#
#..............# .. .##
#..........##.@# .###
#........#####.### .#
#.>......# #..†### .#
#........# ###.†.##.####..
#........# ###.........#
#........# ##....#####
#........##########)....##
#########.................#
##..#######.....##....


You could see an adder and a hobgoblin.

Vanquished Creatures
  An adder (D:2)
  2 leopard geckos (D:1)
  A ball python (D:2)
  3 bats (D:2)
  7 goblins
  3 hobgoblins
  A quokka (D:2)
  2 frilled lizards
  A kobold (D:1)
  A rat (D:1)
22 creatures vanquished.

Notes
Turn   | Place    | Note
-------+----------+-------------------------------------------
     0 | D:1      | alexeh6969 the Demonspawn Ice Elementalist began the quest for the Orb.
     0 | D:1      | Reached XP level 1. HP: 13/13 MP: 3/3
   244 | D:1      | Reached skill level 3 in Ice Magic
   297 | D:1      | Gained mutation: You are immune to rotting. [demonic ancestry]
   297 | D:1      | Reached XP level 2. HP: 19/19 MP: 3/5
   991 | D:2      | Noticed Robin
  1032 | D:2      | Reached XP level 3. HP: 14/24 MP: 2/6
  1146 | D:2      | HP: 1/24 [adder (5)]
  1147 | D:2      | Succumbed to an adder's poison

Skill      XL: |  1  2  3 |
---------------+----------+-----
Ice Magic      | 3 |  3.3
Dodging        | 2 |  2.0
Stealth        | |  1.9
Spellcasting   | |  2.5
Conjurations   | |  1.0

Action                   || total
-------------------------++-------
Melee: Unarmed           ||     6
       Club              ||     3
       Hand axe          ||     1
Throw: Stone             ||     1
 Cast: Freeze            ||    39
  Use: Scroll            ||     4
  Eat: Meat ration       ||     1
Armor: Robe              ||     7
Dodge: Dodged            ||    27
